 Dungeon Crawl Stone Soup version 0.30-a0-162-g2ba88f6271 (webtiles) character file.

Game seed: 9521325322019128313

429 Ijustatesigmund the Fighter (level 6, -2/81 HPs)
             Began as a Gargoyle Fighter on Sept 28, 2022.
             Slain by an orc
             ... wielding a +0 flail
              (7 damage)
             ... on level 3 of the Dungeon.
             The game lasted 00:03:14 (2007 turns).

Ijustatesigmund the Fighter (Gargoyle Fighter)      Turns: 2007, Time: 00:03:15

Health: -2/81      AC: 23    Str: 21    XL:     6   Next: 98%
Magic:  6/6        EV:  2    Int: 13    God:
Gold:   114        SH:  0    Dex:  9    Spells: 5/5 levels left

rFire   . . .      SeeInvis .    a - +0 flail
rCold   . . .      Faith    .    b - +1 kite shield "Sarodiv" {Int+4}
rNeg    + . .      Spirit   .    (body armour currently unavailable)
rPois   ∞          Reflect  .    (helmet currently unavailable)
rElec   .          Harm     .    (cloak currently unavailable)
rCorr   .          Rampage  .    (gloves currently unavailable)
Will    .....      NoTele   +    (boots currently unavailable)
Stlth   +.........               (no amulet)
HPRegen 0.23/turn                (no ring)
MPRegen 0.10/turn                (no ring)

@: confused, tree-form
A: stationary, stasis, torment immunity, boosted hp, sickness immunity, AC +4,
negative energy resistance 1, (electricity resistance), torment resistance 1,
petrification resistance
a: no special abilities


You were on level 3 of the Dungeon.
You were a tree.
You visited 1 branch of the dungeon, and saw 3 of its levels.

You collected 114 gold pieces.

Inventory:

Hand Weapons
 a - a +0 flail (weapon)
Armour
 b - the +1 kite shield "Sarodiv" (worn) {Int+4}
   (You acquired it on level 2 of the Dungeon)

   Int:       It affects your intelligence (+4).
 c - a +0 buckler
 g - a +0 pair of boots (melded)
 i - a +0 cloak (melded)
Potions
 d - 2 potions of might
 e - a potion of attraction {unknown}
 h - 3 potions of flight
 j - a potion of lignification
 k - a potion of degeneration {unknown}
 l - a potion of cancellation {unknown}


   Skills:
 + Level 14.1 Fighting
 + Level 6.4 Maces & Flails
 - Level 3.2 Armour
 + Level 6.6 Shields


You had 5 spell levels left.
You didn't know any spells.
Your spell library was empty.

Dungeon Overview and Level Annotations

Branches:
Dungeon (3/15)

Altars:


Innate Abilities, Weirdness & Mutations

You are a tree.
Your roots penetrate the ground, keeping you stationary.
You cannot be teleported.
You are immune to unholy pain and torment.
Your maximum health is greatly increased.
Your equipment is partially melded.
You are immune to sickness and miasma.
((Your stone body is resilient. (AC +4)))
You are immune to poison.
You resist negative energy. (rN+)
((You are resistant to electric shocks. (rElec)))
You are resistant to unholy torment.
You are immune to petrification.


Message History

In your confused state, you trip and fall back down the stairs.
The orc wizard misses you. The orc closely misses you.
You are too confused!
You hit the orc wizard but do no damage.
The orc wizard barely misses you. The orc barely misses you.
The orc hits you from afar with a +0 trident!
The orc hits you with a +0 flail.
The orc wizard hits you with a +0 dagger.
* * * LOW HITPOINT WARNING * * *
It was a potion of lignification.
You turn into a tree.
Your +0 cloak melds into your body.
Your +0 pair of boots melds into your body.
Your roots penetrate the ground.
The orc hits you but does no damage.
The orc wizard hits you but does no damage.
The orc hits you but does no damage.
You cannot move. (Use ctrl+direction or * direction to attack while stationary and confused.)
You swing at nothing.
The orc hits you but does no damage.
The orc wizard casts a spell.
The orc wizard flickers and vanishes!
Deactivating autopickup; reactivate with Ctrl-A.
The orc hits you from afar with a +0 trident.
* * * LOW HITPOINT WARNING * * *
You attack the rock wall.
The orc hits you with a +0 flail.
* * * LOW HITPOINT WARNING * * *
You hear some strange, mumbled words.
You are more confused.
The orc hits you from afar with a +0 trident.
* * * LOW HITPOINT WARNING * * *
It was a potion of experience.
You feel more experienced!
Your Fighting skill gained 9 levels and is now at level 13!
You have reached level 5!
Something hits you but does no damage. The orc hits you but does no damage. x2
You feel more experienced!
Your Fighting skill increases to level 14!
Your Maces & Flails skill gained 3 levels and is now at level 6!
Your Shields skill gained 3 levels and is now at level 6!
You have reached level 6!
The orc hits you with a +0 flail!
You die...

.. . .. ..#>#
.....####
........## #
.........#.#
.....o{or..#
#♣#
...............
##..###.#.##.##
.. #.#.# #.# #
... #.# ...


You could see 2 orcs and a rat.

Vanquished Creatures
  6 adders (D:2)
  2 worms (D:2)
  A dart slug (D:1)
  An orc (D:2)
  5 bats
  4 endoplasms
  2 giant cockroaches (D:1)
  7 goblins
  3 hobgoblins
  4 jackals (D:1)
  2 kobolds
  2 quokkas
  4 ball pythons
  A frilled lizard (D:2)
  4 rats
48 creatures vanquished.

Notes
Turn   | Place    | Note
-------+----------+-------------------------------------------
     0 | D:1      | Ijustatesigmund the Gargoyle Fighter began the quest for
                  | the Orb.
     0 | D:1      | Reached XP level 1. HP: 14/14 MP: 1/1
    34 | D:1      | Reached XP level 2. HP: 14/19 MP: 2/2
   531 | D:1      | Reached XP level 3. HP: 18/24 MP: 3/3
   623 | D:1      | Reached skill level 4 in Fighting
  1140 | D:2      | Reached XP level 4. HP: 22/30 MP: 4/4
  1844 | D:2      | Identified a scroll of acquirement
  1844 | D:2      | Acquired the +1 kite shield "Sarodiv" {Int+4}
  2006 | D:3      | Reached skill level 13 in Fighting
  2006 | D:3      | Reached XP level 5. HP: 4/47 MP: 5/5
  2007 | D:3      | Reached skill level 14 in Fighting
  2007 | D:3      | Reached XP level 6. HP: 5/54 MP: 6/6
  2007 | D:3      | Slain by an orc

Illustrated notes

Levels and vault maps discovered:
D:1:      shiori_arrival_oz, layout_basic, corexii_hall_statues_l,
          amcnicky_mini_rare_corridor_liquid
D:2:      layout_basic
D:3:      layout_basic, nicolae_yredelemnul_corpse_copse,
          shapermc_ecumenical_altar_notcrosses, serial_shops, shop,
          hangedman_abyss_or_decor_stabs, minmay_crystal_water,
          chequers_serial_rivers_room_a, uniq_jessica

Skill      XL: |  1  2  3  4  5 |
---------------+----------------+-----
Fighting       | 4 13 14 | 14.1
Maces & Flails | 3 6 |  6.4
Shields        | 6 |  6.6
Armour         | |  3.2

Action                   |  1- 3 |  4- 6 || total
-------------------------+-------+-------++-------
Melee: Flail             |   126 |    57 ||   183
  Use: Scroll            |     2 |     3 ||     5
       Potion            |       |     3 ||     3
Armor: Scale mail        |   112 |    23 ||   135
       Skin              |       |     7 ||     7
Dodge: Dodged            |    83 |    30 ||   113
Block: Buckler           |    28 |     6 ||    34

Table legend: (Time is in decaauts)
 A = Elapsed time spent in this place.
 B = Non-inter-level travel time spent in this place.
 C = Inter-level travel time spent in this place.
 D = Time resting spent in this place.
 E = Time spent auto-exploring this place.
 F = Levels seen in this place.
 G = Mean time per level.
                   A        B        C        D        E       F      G
               +--------+--------+--------+--------+--------+-----+--------+
         Total |   2064 |   2011 |     53 |    421 |   1165 |   3 |  688.0 |
       Dungeon |   2064 |   2011 |     53 |    421 |   1165 |   3 |  688.0 |
               +--------+--------+--------+--------+--------+-----+--------+

Top non-repeatable levels by time:
     D:2: 1188 daAuts
     D:1: 862 daAuts
     D:3: 13 daAuts
